[Event "CZE-ch Youth B14 2022"]
[Site "Luhacovice"]
[Date "2022.03.18"]
[Round "8.7"]
[White "Hozda, Max"]
[Black "Babula, Matej"]
[Result "1/2-1/2"]
[ECO "E32"]
[WhiteElo "1901"]
[BlackElo "1753"]
[Annotator "NA"]
[PlyCount "63"]
[EventDate "2022.03.12"]
[EventType "swiss"]
[EventCountry "CZE"]
[SourceTitle "playchess.com"]
[Source "ChessBase"]
[SourceQuality "1"]
[TimeControl "40/5400+30:1800+30"]

1. d4 Nf6 2. c4 e6 3. Nc3 Bb4 4. Qc2 O-O 5. a3 Bxc3+ 6. Qxc3 Ne4 7. Qc2 f5 8. g3 b6 9. Bg2 Bb7 10. Nf3 Nf6 11. b4 Be4 12. Qb3 d6 13. O-O Nbd7 14. Rd1 Qe8 15. Bb2 Qh5 $11 16. Qe3 h6 17. h3 Rfe8 18. Nd2 Bxg2 19. Kxg2 e5 20. Qf3 Qxf3+ 21. exf3 c5 22. dxc5 dxc5 23. Nb3 a5 24. bxa5 bxa5 25. Bc3 a4 26. Na5 e4 27. Nb7 exf3+ 28. Kxf3 Ne5+ 29. Bxe5 Rxe5 30. Rab1 Ne4 31. Rb6 Rae8 32. Rd7 1/2-1/2

[Event "CZE-ch Youth B14 2022"]
[Site "Luhacovice"]
[Date "2022.03.18"]
[Round "8.8"]
[White "Svoboda, Daniel"]
[Black "Vysinsky, Otakar"]
[Result "1/2-1/2"]
[ECO "C47"]
[WhiteElo "1619"]
[BlackElo "1534"]
[Annotator "NA"]
[PlyCount "94"]
[EventDate "2022.03.12"]
[EventType "swiss"]
[EventCountry "CZE"]
[SourceTitle "playchess.com"]
[Source "ChessBase"]
[SourceQuality "1"]
[TimeControl "40/5400+30:1800+30"]

1. e4 e5 2. Nf3 Nc6 3. Nc3 Nf6 4. d4 exd4 5. Nxd4 Bb4 6. Nxc6 bxc6 7. Bd3 d6 8. Bg5 h6 9. Bh4 Be6 10. O-O g5 11. Bg3 h5 12. h4 Ng4 13. hxg5 Qxg5 14. Qc1 Qg7 15. Bh4 Rg8 16. g3 Bc5 17. Ne2 Ne5 18. Qf4 Bh3 19. Bf6 Nxd3 20. cxd3 Qg4 21. Qxg4 Bxg4 22. Nf4 Bf3 23. Kh2 Kd7 24. a3 Rg4 25. d4 Bb6 26. Rae1 Rgg8 27. Re3 Bg4 28. Rc3 Rae8 29. f3 Be6 30. b4 a5 31. Rfc1 Kc8 32. Rxc6 Kb7 33. bxa5 Bxa5 34. d5 Bd7 35. Rb1+ Bb6 36. Rc3 Ra8 37. Rcb3 Ra4 38. Rb4 Rxa3 39. Bd4 Ra2+ 40. R4b2 Rxb2+ 41. Rxb2 f5 42. exf5 Bxf5 43. Nxh5 Ka6 44. Bxb6 cxb6 45. g4 Bd3 46. Nf4 Bc4 47. Kg3 b5 1/2-1/2

[Event "CZE-ch Youth B14 2022"]
[Site "Luhacovice"]
[Date "2022.03.18"]
[Round "8.9"]
[White "Kubin, Tomas Daniel"]
[Black "Siles, Jan"]
[Result "0-1"]
[ECO "B35"]
[WhiteElo "1666"]
[BlackElo "1548"]
[Annotator "NA"]
[PlyCount "112"]
[EventDate "2022.03.12"]
[EventType "swiss"]
[EventCountry "CZE"]
[SourceTitle "playchess.com"]
[Source "ChessBase"]
[SourceQuality "1"]
[TimeControl "40/5400+30:1800+30"]

1. e4 c5 2. Nf3 Nc6 3. d4 cxd4 4. Nxd4 g6 5. Nc3 Bg7 6. Be3 Nf6 7. Bc4 O-O 8. Bb3 d6 9. h3 Bd7 10. O-O Rc8 11. Re1 a6 12. f4 Nh5 13. Nxc6 Bxc6 14. Qd3 b5 15. g4 Nf6 16. Nd5 Nd7 17. Bd4 e5 18. fxe5 Nxe5 19. Bxe5 Bxe5 20. c3 h5 21. gxh5 Kh7 22. Kh1 Qh4 23. Qf3 Bd7 24. Re3 Rb8 25. Rg1 gxh5 26. Bd1 Kh6 27. Ne7 Bf4 28. Rd3 Rbe8 29. Rd5 Be5 30. Nf5+ Bxf5 31. Qxf5 Rg8 32. Rxg8 Rxg8 33. Qf1 Qxe4+ 34. Bf3 Qf4 35. Qf2 Rg3 36. Rd3 Rxh3+ 37. Kg1 Qg3+ 38. Qxg3 Rxg3+ 39. Kf2 h4 40. Rd1 Kg5 41. Rg1 b4 42. Rxg3+ hxg3+ 43. Kg2 bxc3 44. bxc3 Kf4 45. c4 Ke3 46. Bb7 a5 47. a4 f5 48. Bc6 f4 49. Bb7 Kd4 50. Ba6 d5 51. cxd5 Ke3 52. d6 f3+ 53. Kg1 Bxd6 54. Bb5 g2 55. Bc6 Bc5 56. Kh2 Kf2 0-1

[Event "CZE-ch Youth B14 2022"]
[Site "Luhacovice"]
[Date "2022.03.18"]
[Round "8.10"]
[White "Sigut, Ondrej"]
[Black "Juracak, David"]
[Result "1/2-1/2"]
[ECO "C43"]
[WhiteElo "1536"]
[BlackElo "1717"]
[Annotator "NA"]
[PlyCount "62"]
[EventDate "2022.03.12"]
[EventType "swiss"]
[EventCountry "CZE"]
[SourceTitle "playchess.com"]
[Source "ChessBase"]
[SourceQuality "1"]
[TimeControl "40/5400+30:1800+30"]

1. e4 e5 2. Nf3 Nf6 3. d4 Nxe4 4. Bd3 d5 5. Nxe5 Bd6 6. O-O O-O 7. Nd2 Nxd2 8. Bxd2 Nd7 9. Nxd7 Bxd7 10. Qh5 f5 11. Rae1 Qf6 12. c3 Rae8 13. Bg5 Qf7 14. Qf3 c6 15. Bf4 Bxf4 16. Qxf4 Bc8 17. Qd2 Qc7 18. Rxe8 Rxe8 19. Re1 Rxe1+ 20. Qxe1 Kf7 21. Qe2 g6 22. g3 Qe7 23. Qxe7+ Kxe7 24. f4 h6 25. Kg2 Kf6 26. Kf3 g5 27. fxg5+ hxg5 28. h4 Bd7 29. a3 Be6 30. b4 b5 31. Bc2 Bd7 1/2-1/2

[Event "CZE-ch Youth B14 2022"]
[Site "Luhacovice"]
[Date "2022.03.18"]
[Round "8.11"]
[White "Tesar, Jakub"]
[Black "Mrazek, Adam"]
[Result "0-1"]
[ECO "B38"]
[WhiteElo "1660"]
[BlackElo "1582"]
[Annotator "NA"]
[PlyCount "70"]
[EventDate "2022.03.12"]
[EventType "swiss"]
[EventCountry "CZE"]
[SourceTitle "playchess.com"]
[Source "ChessBase"]
[SourceQuality "1"]
[TimeControl "40/5400+30:1800+30"]

1. e4 c5 2. Nf3 Nc6 3. d4 cxd4 4. Nxd4 g6 5. c4 Bg7 6. Be3 Nf6 7. Nc3 O-O 8. Be2 d6 9. h3 Bd7 10. O-O Rc8 11. Qd2 Nxd4 12. Bxd4 Bc6 13. Qc2 Nd7 14. Bxg7 Kxg7 15. Rfd1 a5 16. b3 Qb6 17. Nd5 Bxd5 18. Rxd5 Nf6 19. Rb5 Qxb5 20. Qb2 Qe5 21. Qc1 Nxe4 22. Bf3 Nc5 23. Qf1 Rfd8 24. Re1 Qf6 25. Qe2 e6 26. Qd2 d5 27. cxd5 exd5 28. Qxa5 Qa6 29. Qd2 Ne4 30. Qb2+ Qf6 31. Qa3 Rc2 32. Qa7 Qc3 33. Re3 Qa1+ 34. Kh2 Qe5+ 35. g3 Qxg3+ 0-1

[Event "CZE-ch Youth B14 2022"]
[Site "Luhacovice"]
[Date "2022.03.18"]
[Round "8.12"]
[White "Davidek, Zdenek"]
[Black "Veverka, Vladimir"]
[Result "1-0"]
[ECO "C06"]
[WhiteElo "1570"]
[BlackElo "1723"]
[Annotator "NA"]
[PlyCount "41"]
[EventDate "2022.03.12"]
[EventType "swiss"]
[EventCountry "CZE"]
[SourceTitle "playchess.com"]
[Source "ChessBase"]
[SourceQuality "1"]
[TimeControl "40/5400+30:1800+30"]

1. e4 e6 2. d4 d5 3. Nd2 Nf6 4. e5 Nfd7 5. Bd3 c5 6. c3 Nc6 7. Ne2 cxd4 8. cxd4 f6 9. exf6 Nxf6 10. Nf3 Bd6 11. O-O Qc7 12. Bg5 O-O 13. Rc1 a6 14. Ng3 Bd7 15. Re1 Rae8 16. Ne5 h6 17. Bxf6 Rxf6 18. Nh5 Bxe5 19. dxe5 Rff8 20. Qg4 Re7 21. Qg6 1-0

[Event "CZE-ch Youth B14 2022"]
[Site "Luhacovice"]
[Date "2022.03.19"]
[Round "9.1"]
[White "Hladky, Tadeas"]
[Black "Dusanek, Michal"]
[Result "1-0"]
[ECO "B28"]
[WhiteElo "2029"]
[BlackElo "1682"]
[Annotator "ChessBase"]
[PlyCount "39"]
[EventDate "2022.03.12"]
[EventType "swiss"]
[EventCountry "CZE"]
[SourceTitle "playchess.com"]
[Source "ChessBase"]
[SourceQuality "1"]
[TimeControl "40/5400+30:1800+30"]

1. e4 c5 2. Nf3 a6 3. c3 d5 4. exd5 Qxd5 5. d4 Nf6 6. Be2 g6 7. Be3 cxd4 8. cxd4 Bg7 9. O-O O-O 10. Nc3 Qd6 11. Ne5 Nc6 12. Nc4 Qc7 13. d5 Ne5 14. d6 exd6 15. Nb6 Rb8 16. Ncd5 Qd8 17. Nxf6+ Bxf6 18. Nd5 Bg7 19. Bb6 Qg5 20. f4 1-0

[Event "CZE-ch Youth B14 2022"]
[Site "Luhacovice"]
[Date "2022.03.19"]
[Round "9.2"]
[White "Prazak, Daniel"]
[Black "Buchta, Bartolomej"]
[Result "1-0"]
[ECO "B30"]
[WhiteElo "2016"]
[BlackElo "1901"]
[Annotator "ChessBase"]
[PlyCount "75"]
[EventDate "2022.03.12"]
[EventType "swiss"]
[EventCountry "CZE"]
[SourceTitle "playchess.com"]
[Source "ChessBase"]
[SourceQuality "1"]
[TimeControl "40/5400+30:1800+30"]

1. e4 c5 2. Nf3 Nc6 3. Nc3 e6 4. Bb5 Nge7 5. O-O Ng6 6. d4 a6 7. Bxc6 bxc6 8. d5 cxd5 9. exd5 d6 10. dxe6 fxe6 11. h4 Be7 12. h5 Nh4 13. Nxh4 Bxh4 14. Ne4 Be7 15. Qf3 d5 16. Rd1 Bd7 17. Nc3 Bc6 18. h6 g6 19. Ne4 Rf8 20. Qh3 Qc8 21. Ng5 Bxg5 22. Bxg5 Rf5 23. g4 Re5 24. Re1 Qc7 25. f4 Rxe1+ 26. Rxe1 Qf7 27. Qc3 c4 28. Qe5 Kd7 29. f5 gxf5 30. Bf4 Kc8 31. gxf5 exf5 32. Qd6 Qg6+ 33. Qxg6 hxg6 34. Re7 Kd8 35. Bg5 Bd7 36. h7 Kc7 37. Bf4+ Kc6 38. Be5 1-0

[Event "CZE-ch Youth B14 2022"]
[Site "Luhacovice"]
[Date "2022.03.19"]
[Round "9.3"]
[White "Fizer, Marek"]
[Black "Soucek, Jan"]
[Result "1-0"]
[ECO "B03"]
[WhiteElo "1876"]
[BlackElo "1849"]
[Annotator "NA"]
[PlyCount "117"]
[EventDate "2022.03.12"]
[EventType "swiss"]
[EventCountry "CZE"]
[SourceTitle "playchess.com"]
[Source "ChessBase"]
[SourceQuality "1"]
[TimeControl "40/5400+30:1800+30"]

1. e4 Nf6 2. e5 Nd5 3. d4 d6 4. Bc4 Nb6 5. Bb3 dxe5 6. Qh5 e6 7. dxe5 a5 8. a3 Nc6 9. Nf3 a4 10. Ba2 Nd4 {[%emt 0:00:19] has lost popularity (10...g6).} 11. Nxd4 Qxd4 12. O-O Ra5 13. Nc3 {[%emt 0:25:46] [#]} Rxe5 $146 ({Predecessor:} 13... Qxe5 14. Qxe5 Rxe5 15. Bf4 Rc5 16. Rfe1 Bd7 17. Rad1 Nc8 {½-½ (17) De Villiers,C (2310)-Korostenski,F Pretoria 1977}) 14. Qf3 Rf5 15. Be3 Qh4 16. Qg3 Qxg3 17. hxg3 Bd7 18. Bxb6 cxb6 19. Rad1 Bc6 20. Rd4 (20. Rd2 $17 {might work better.}) 20... Bc5 21. Rf4 Rxf4 22. gxf4 g6 23. Rd1 b5 24. Ne2 b4 25. axb4 Bxb4 26. Nd4 Bd7 27. Bc4 Ke7 28. c3 Bd6 29. g3 Rc8 30. Bb5 Bxb5 31. Nxb5 Rc6 32. Rd4 a3 33. bxa3 Bc5 34. Rd3 Bb6 35. Kg2 Ba5 36. Kf3 b6 37. Ke3 h5 38. Ke4 Rc4+ 39. Ke3 f6 40. f3 e5 41. fxe5 fxe5 42. Rd5 Ke6 43. Rd6+ Kf5 44. Rd8 Rc6 45. Kd3 e4+ 46. fxe4+ Kg4 47. e5 g5 48. Nd4 Rxc3+ 49. Ke4 Rxg3 50. e6 Bd2 51. Nf5 Rg2 {[%emt 0:00:41] [#]} 52. Rxd2 $1 {[%emt 0:00:18] Promotion} Rxd2 53. Ne3+ Kg3 54. Nf1+ Kg2 55. Nxd2 h4 56. e7 h3 57. Nf3 g4 {[%emt 0:00:05] [#]} 58. e8=Q $1 gxf3 59. Qg6+ 1-0

[Event "CZE-ch Youth B14 2022"]
[Site "Luhacovice"]
[Date "2022.03.19"]
[Round "9.4"]
[White "Brozka, Karel"]
[Black "Juhanak, Daniel"]
[Result "1-0"]
[ECO "E17"]
[WhiteElo "2125"]
[BlackElo "1688"]
[Annotator "NA"]
[PlyCount "91"]
[EventDate "2022.03.12"]
[EventType "swiss"]
[EventCountry "CZE"]
[SourceTitle "playchess.com"]
[Source "ChessBase"]
[SourceQuality "1"]
[TimeControl "40/5400+30:1800+30"]

1. d4 Nf6 2. c4 e6 3. Nf3 b6 4. g3 Bb7 5. Bg2 Be7 6. O-O O-O 7. Re1 d5 8. cxd5 exd5 9. Nc3 Nbd7 10. Bf4 Ne4 11. Nxe4 dxe4 12. Nd2 f5 13. Rc1 c5 14. Nc4 Nf6 15. Qb3 cxd4 16. Nxb6+ Bd5 17. Nxd5 Qxd5 18. Qxd5+ Nxd5 19. Be5 Bf6 20. Bxf6 Rxf6 21. Red1 Nb4 22. Rc4 Rb8 23. a3 Nc6 24. b4 Rd6 25. Rc5 g6 {[%emt 0:00:24] [#]} 26. g4 (26. f3 $1 $16 ) 26... Rf8 27. gxf5 gxf5 28. Bh3 Ne7 29. Kf1 Rf7 30. Ke1 Rh6 31. Bf1 Rxh2 32. Rxd4 Rh1 33. Rd8+ Kg7 34. Rd7 Ng6 35. Rxf7+ Kxf7 36. Rxf5+ Ke6 37. Rg5 Ne5 38. Rg3 Ng6 39. f3 e3 40. f4 Nh4 41. Rxe3+ Kf5 42. Re7 Kxf4 43. Rxa7 Nf5 44. b5 $18 Ke3 45. Rf7 Ng3 46. Rf3+ 1-0

[Event "CZE-ch Youth B14 2022"]
[Site "Luhacovice"]
[Date "2022.03.19"]
[Round "9.5"]
[White "Zelba, Lukas"]
[Black "Jasso, Matej"]
[Result "1-0"]
[ECO "D35"]
[WhiteElo "1945"]
[BlackElo "1726"]
[Annotator "ChessBase"]
[PlyCount "75"]
[EventDate "2022.03.12"]
[EventType "swiss"]
[EventCountry "CZE"]
[SourceTitle "playchess.com"]
[Source "ChessBase"]
[SourceQuality "1"]
[TimeControl "40/5400+30:1800+30"]

1. d4 d5 2. c4 e6 3. Nc3 Nf6 4. cxd5 exd5 5. Bg5 Be7 6. e3 c6 7. Qc2 Nbd7 8. Bd3 h6 9. Bh4 O-O 10. h3 Re8 11. Nf3 b5 12. O-O Qb6 13. a4 b4 14. a5 Qd8 15. Ne2 c5 16. Bxf6 Bxf6 17. dxc5 b3 18. Qc1 Qc7 19. c6 Ne5 20. Nxe5 Rxe5 21. Nd4 Rh5 22. Be2 Rh4 23. f4 Bxd4 24. exd4 Bf5 25. Qe1 Rxf4 26. Qb4 Rb8 27. Qc3 Be4 28. Rxf4 Qxf4 29. Ba6 Qc7 30. Bb7 f5 31. a6 f4 32. Qa5 Qd6 33. c7 Rf8 34. Qc5 Qf6 35. Qxf8+ Kxf8 36. c8=Q+ Kf7 37. Qc7+ Kg8 38. Qe5 1-0

[Event "CZE-ch Youth B14 2022"]
[Site "Luhacovice"]
[Date "2022.03.19"]
[Round "9.6"]
[White "Siles, Jan"]
[Black "Hozda, Max"]
[Result "1/2-1/2"]
[ECO "D02"]
[WhiteElo "1548"]
[BlackElo "1901"]
[Annotator "ChessBase"]
[PlyCount "81"]
[EventDate "2022.03.12"]
[EventType "swiss"]
[EventCountry "CZE"]
[SourceTitle "playchess.com"]
[Source "ChessBase"]
[SourceQuality "1"]
[TimeControl "40/5400+30:1800+30"]

1. d4 d5 2. Bf4 Nf6 3. Nf3 c5 4. e3 Nc6 5. c3 Qb6 6. Qb3 c4 7. Qxb6 axb6 8. Na3 Bd7 9. Nb5 Ra5 10. Nc7+ Kd8 11. Ng5 Be8 12. Nxe8 Kxe8 13. a3 e6 14. O-O-O h6 15. Nf3 Ne4 16. Bg3 f6 17. Nd2 Nxg3 18. hxg3 Kd7 19. e4 b5 20. exd5 exd5 21. Be2 Bd6 22. Bg4+ Kc7 23. Nf3 Re8 24. Nh4 Bf8 25. Bh5 Rd8 26. Rde1 Raa8 27. Kc2 Rd7 28. Re3 Re7 29. Rhe1 Rxe3 30. Rxe3 Ne7 31. Bf7 Rd8 32. Kd2 Rd6 33. Ke2 f5 34. Re6 g5 35. Rxd6 Kxd6 36. Ng6 Nxg6 37. Bxg6 Ke6 38. Be8 Bd6 39. Bxb5 f4 40. g4 Bc7 41. Ba4 1/2-1/2

[Event "CZE-ch Youth B14 2022"]
[Site "Luhacovice"]
[Date "2022.03.19"]
[Round "9.7"]
[White "Setina, Vaclav"]
[Black "Svoboda, Daniel"]
[Result "0-1"]
[ECO "B95"]
[WhiteElo "1881"]
[BlackElo "1619"]
[Annotator "NA"]
[PlyCount "76"]
[EventDate "2022.03.12"]
[EventType "swiss"]
[EventCountry "CZE"]
[SourceTitle "playchess.com"]
[Source "ChessBase"]
[SourceQuality "1"]
[TimeControl "40/5400+30:1800+30"]

1. e4 c5 2. Nf3 d6 3. d4 cxd4 4. Nxd4 Nf6 5. Nc3 a6 6. Bg5 e6 7. Qd2 Be7 8. O-O-O Qc7 9. f3 Nbd7 10. h4 b5 11. g4 Bb7 12. h5 (12. a3 $14) 12... h6 13. Bh4 $15 Ne5 14. Be2 Nc4 15. Bxc4 Qxc4 16. Rdg1 Rc8 17. Nb3 b4 18. Nb1 Ba8 19. Rg2 Nxe4 20. Qd1 Ng5 21. N1d2 Qd5 22. Rf2 a5 23. Kb1 a4 24. Nc1 a3 25. Nd3 axb2 26. Rhh2 Qa5 27. Bxg5 Bxg5 28. Ne4 Bd5 29. Nxd6+ Kf8 30. Nxb4 Qxb4 31. Nxc8 Qc4 32. Kxb2 Qxa2+ 33. Kc3 Qc4+ 34. Kb2 Qb4+ 35. Ka1 Qa3+ 36. Kb1 Ba2+ 37. Ka1 Bb3+ 38. Kb1 Qa2# 0-1

[Event "CZE-ch Youth B14 2022"]
[Site "Luhacovice"]
[Date "2022.03.19"]
[Round "9.8"]
[White "Babula, Matej"]
[Black "Zrubek, Dan"]
[Result "1/2-1/2"]
[ECO "B77"]
[WhiteElo "1753"]
[BlackElo "1478"]
[Annotator "NA"]
[PlyCount "88"]
[EventDate "2022.03.12"]
[EventType "swiss"]
[EventCountry "CZE"]
[SourceTitle "playchess.com"]
[Source "ChessBase"]
[SourceQuality "1"]
[TimeControl "40/5400+30:1800+30"]

1. e4 c5 2. Nf3 d6 3. d4 cxd4 4. Nxd4 Nf6 5. Nc3 g6 6. Be3 Bg7 7. f3 O-O 8. Bc4 Nc6 9. Qd2 Nxd4 10. Bxd4 Be6 11. Bb3 Qa5 12. O-O-O b5 13. Kb1 b4 14. Nd5 Bxd5 15. exd5 Qb5 16. Rhe1 a5 17. Qe2 Qxe2 18. Rxe2 Nd7 19. Bxg7 Kxg7 20. Rxe7 Nb6 21. a3 bxa3 22. bxa3 a4 23. Ba2 Rfe8 24. Rde1 Rxe7 25. Rxe7 Ra5 26. c4 Rc5 27. Re4 h6 28. Rd4 Kf6 29. Kc2 Ke5 30. Re4+ Kf6 31. Kd3 Rc8 32. Re1 Nd7 33. Kd4 Rb8 34. Rb1 Re8 35. Rb2 Re1 36. Kd3 Nc5+ 37. Kd2 Rh1 38. h3 Ke5 39. Ke3 g5 40. Rc2 Re1+ 41. Kd2 Ra1 42. Kc3 Kf4 43. Kb4 Re1 44. Kb5 Re3 1/2-1/2

[Event "CZE-ch Youth B14 2022"]
[Site "Luhacovice"]
[Date "2022.03.19"]
[Round "9.9"]
[White "Vysinsky, Otakar"]
[Black "Davidek, Zdenek"]
[Result "0-1"]
[ECO "A05"]
[WhiteElo "1534"]
[BlackElo "1570"]
[Annotator "NA"]
[PlyCount "106"]
[EventDate "2022.03.12"]
[EventType "swiss"]
[EventCountry "CZE"]
[SourceTitle "playchess.com"]
[Source "ChessBase"]
[SourceQuality "1"]
[TimeControl "40/5400+30:1800+30"]

1. Nf3 Nf6 2. d3 d5 3. g3 g6 4. Bg2 Bg7 5. O-O O-O 6. Nbd2 c5 7. e4 Nc6 8. Nh4 e5 9. exd5 Nxd5 10. Ne4 b6 11. Bg5 f6 12. Bd2 Be6 13. Nc3 Rc8 14. Nxd5 Bxd5 15. Bxd5+ Qxd5 16. Ng2 Rce8 17. Bc3 Rf7 18. Qd2 Nd4 19. Bxd4 Qxd4 20. b3 f5 21. Rae1 b5 22. Qd1 Rf6 23. Nf4 Ra6 24. Ne2 Qb2 25. Qd2 Rxa2 26. Nc3 Qxc2 27. Qxc2 Rxc2 28. Nxb5 Rb8 29. Nxa7 Rxb3 30. Rc1 Rcc3 31. Nc6 Rxd3 32. Rxc5 Rdc3 33. Rc1 Rxc1+ 34. Rxc1 Rb7 35. Rd1 Rc7 36. Nb4 Kf7 37. Nd5 Rd7 38. Ne3 Rxd1+ 39. Nxd1 Ke6 40. f3 Kd5 41. Kg2 Kd4 42. g4 fxg4 43. fxg4 e4 44. h4 Ke5 45. Kg3 Bf8 46. Nc3 Kd4 47. Ne2+ Ke3 48. Ng1 Bc5 49. Nh3 Kd2 50. h5 e3 51. Ng1 e2 52. Nxe2 Kxe2 53. Kf4 Be3+ 0-1

[Event "CZE-ch Youth B14 2022"]
[Site "Luhacovice"]
[Date "2022.03.19"]
[Round "9.10"]
[White "Sigut, Ondrej"]
[Black "Tesar, Jakub"]
[Result "1-0"]
[ECO "C02"]
[WhiteElo "1536"]
[BlackElo "1660"]
[Annotator "NA"]
[PlyCount "81"]
[EventDate "2022.03.12"]
[EventType "swiss"]
[EventCountry "CZE"]
[SourceTitle "playchess.com"]
[Source "ChessBase"]
[SourceQuality "1"]
[TimeControl "40/5400+30:1800+30"]

1. e4 e6 2. d4 d5 3. e5 c5 4. c3 Nc6 5. Nf3 Qb6 6. a3 f6 7. exf6 Nxf6 8. Bd3 Bd6 9. b4 c4 10. Bc2 O-O 11. a4 a6 12. O-O e5 13. dxe5 Nxe5 14. Nxe5 Bxe5 15. Be3 Qc7 16. g3 Qf7 17. f4 Bb8 18. Bd4 Ba7 19. Bxa7 Rxa7 20. Qd4 Ra8 21. Nd2 Bg4 22. Rae1 Rae8 23. Rxe8 Rxe8 24. Nf3 Bxf3 25. Rxf3 Re1+ 26. Rf1 Qe7 27. Rxe1 Qxe1+ 28. Kg2 Qe2+ 29. Qf2 Qxf2+ 30. Kxf2 Ng4+ 31. Ke2 g6 32. h3 Nf6 33. Ke3 Kf7 34. Kd4 Nh5 35. Kxd5 Nxg3 36. Kxc4 Ne2 37. f5 g5 38. a5 Nf4 39. Be4 Nxh3 40. Bxb7 g4 41. b5 1-0

[Event "CZE-ch Youth B14 2022"]
[Site "Luhacovice"]
[Date "2022.03.19"]
[Round "9.11"]
[White "Mrazek, Adam"]
[Black "Kubin, Tomas Daniel"]
[Result "0-1"]
[ECO "E91"]
[WhiteElo "1582"]
[BlackElo "1666"]
[Annotator "NA"]
[PlyCount "74"]
[EventDate "2022.03.12"]
[EventType "swiss"]
[EventCountry "CZE"]
[SourceTitle "playchess.com"]
[Source "ChessBase"]
[SourceQuality "1"]
[TimeControl "40/5400+30:1800+30"]

1. Nf3 Nf6 2. c4 g6 3. Nc3 Bg7 4. e4 O-O 5. d4 d6 6. Be2 c5 7. O-O Nbd7 8. Be3 b6 9. Ne1 e6 10. f3 Bb7 11. Nc2 d5 12. cxd5 exd5 13. e5 Ne8 14. f4 Nc7 15. Bf3 Re8 16. dxc5 Nxc5 17. Nb4 Ne4 18. Nxe4 dxe4 19. Be2 Qe7 20. Qb3 Red8 21. Rfd1 Kh8 22. Nc2 f6 23. exf6 Bxf6 24. Bd4 Bxd4+ 25. Nxd4 Qf6 26. Qe3 Nd5 27. Qxe4 Re8 28. Qf3 Re7 29. Qg3 Nxf4 30. Bf3 Bxf3 31. Qxf3 Rf8 32. Rac1 Qg5 33. Qg3 Qe5 34. Kh1 Rd7 35. Qc3 Rfd8 36. Rc2 Rxd4 37. Rcd2 Ne6 0-1

[Event "CZE-ch Youth B14 2022"]
[Site "Luhacovice"]
[Date "2022.03.19"]
[Round "9.12"]
[White "Veverka, Vladimir"]
[Black "Juracak, David"]
[Result "1/2-1/2"]
[ECO "D20"]
[WhiteElo "1723"]
[BlackElo "1717"]
[Annotator "NA"]
[PlyCount "74"]
[EventDate "2022.03.12"]
[EventType "swiss"]
[EventCountry "CZE"]
[SourceTitle "playchess.com"]
[Source "ChessBase"]
[SourceQuality "1"]
[TimeControl "40/5400+30:1800+30"]

1. d4 d5 2. c4 dxc4 3. e3 Nf6 4. Bxc4 e6 5. Nc3 c5 6. dxc5 Bxc5 7. Qxd8+ Kxd8 8. a3 a6 9. b4 Bb6 10. Bb2 Ke7 11. Nf3 Bd7 12. Ke2 Nc6 13. Rhd1 Rac8 14. Bb3 Rhd8 15. Rac1 Ba7 16. h3 h6 17. Nb1 Be8 18. Nc3 Rxd1 19. Rxd1 Rd8 20. Rxd8 Kxd8 21. Nd2 Ke7 22. Nde4 Nxe4 23. Nxe4 f6 24. Nd2 Bb8 25. Nf3 Bd6 26. Nd4 Nxd4+ 27. Bxd4 Bb5+ 28. Ke1 a5 29. Bc3 axb4 30. Bxb4 Bxb4+ 31. axb4 e5 32. g3 Bd7 33. h4 Be6 34. Bc2 Kd6 35. Kd2 Bf7 36. Be4 Bd5 37. Bc2 Bf7 1/2-1/2